Map: Void Training Stage 1

Players

axu - Winner!

  • Race: Zerg Zerg
  • League: Platinum
  • Spawn Location: 11:00

Player 2

  • Race: Protoss Protoss
  • Spawn Location: 5:00

VOD

Have the link to the VOD?

Description

Time

  • Played on: May 9, 2018, 1:09 p.m.
  • Length: 17:27
Show
View Real Time Build Order
Export as new Build Order

axu Zerg - Winner!

Build Orders: Pool First 

Get SALT Encoding   

  12  0:10  Drone x2  
  14  0:17  Overlord  
  15  0:35  Drone  
  15  0:36  Drone  
  16  0:43  Spawning Pool  
  16  0:45  Drone  
  16  0:48  Extractor  
  15  0:54  Drone  
  16  1:05  Drone  
  17  1:18  Drone  
  18  1:26  Drone  
  18  1:32  Extractor  
  18  1:33  Queen  
  18  1:38  Drone  
  21  1:47  Drone  
  22  1:59  Overlord  
  22  2:18  Drone  
  22  2:21  Hatchery  
  22  2:26  Drone  
  23  2:31  Zergling x2  
  24  2:41  Zergling x2  
  24  2:43  Queen  
  27  2:52  Zergling x2  
  27  2:57  Overlord  
  29  2:58  Zergling x2  
  29  2:59  Drone  
  30  3:06  Roach Warren  
  29  3:20  Drone x2  
  31  3:28  Drone  
  32  3:37  Metabolic Boost  
  32  3:39  Drone  
  32  3:57  Drone x3  
  32  3:58  Drone x3  
  38  4:03  Extractor x2  
  36  4:10  Roach  
  36  4:11  Roach  
  36  4:14  Drone  
  41  4:19  Overlord  
  41  4:32  Lair  
  41  4:35  Roach  
  41  4:37  Overlord x2  
  43  4:39  Drone x4  
  47  4:53  Roach x2  
  47  4:55  Roach x2  
  47  4:56  Roach x2, Drone  
  47  4:59  Drone  
  61  5:08  Overlord  
  61  5:11  Drone x2  
  63  5:16  Overlord  
  63  5:24  Drone x4  
  67  5:40  Glial Reconstitution  
  67  5:42  Drone x3  
  70  5:43  Drone  
  70  5:45  Roach  
  73  5:52  Overlord  
  73  5:54  Overlord x2  
  73  5:59  Roach x3  
  79  6:09  Roach  
  79  6:10  Roach  
  83  6:24  Hatchery  
  82  6:30  Roach x4, Zergling x4  
  82  6:31  Zergling x4  
  94  6:40  Queen  
  96  6:54  Drone x5  
  101  7:07  Overlord x2  
  101  7:13  Overlord  
  101  7:23  Tunneling Claws  
  101  7:26  Drone x2  
  103  7:42  Overlord x4, Roach x6  
  115  7:45  Drone  
  115  7:50  Drone  
  115  7:51  Extractor  
  116  7:52  Extractor  
  115  8:01  Roach x3  
  121  8:13  Roach x3  
  121  8:14  Roach, Zergling x8  
  121  8:16  Drone  
  121  8:18  Drone x3  
  137  8:26  Roach x2  
  142  8:27  Zergling x2  
  142  8:47  Overlord x5, Roach x5  
  152  8:48  Zergling x4  
  152  8:49  Zergling x2  
  154  9:06  Roach  
  154  9:07  Roach x2  
  160  9:17  Roach x2  
  160  9:18  Roach x5  
  160  9:19  Zergling x10  
  179  9:42  Roach x3  
  179  9:43  Roach  
  187  9:56  Drone x3  
  187  9:57  Drone x2  
  192  10:11  Burrow  
  192  10:30  Hatchery  
  191  10:44  Hatchery  
  191  10:49  Baneling Nest  
  189  10:57  Hatchery  
  188  11:28  Queen x2  
  192  11:35  Queen  
  194  13:12  Roach x10  
  194  13:14  Roach x10  
  194  14:45  Extractor  
  193  14:47  Extractor  
  192  15:35  Drone  
  193  15:36  Drone x6  
  199  16:19  Roach x49, Extractor  
  199  16:20  Extractor  
  197  16:48  Extractor x2  
  195  17:04  Roach x49  
Show
View Real Time Build Order
Export as new Build Order

Player 2 Protoss 

Build Orders: 1 Gate Expand, Nexus First 

Get SALT Encoding   

  12  0:00  Probe  
  13  0:13  Probe  
  14  0:20  Pylon  
  14  0:41  Gateway  
  14  1:03  Nexus  
  14  1:18  Pylon  
  14  1:21  Zealot  
  14  1:24  Assimilator  
  16  1:36  Cybernetics Core  
  16  1:38  Probe  
  17  1:50  Probe  
  18  2:00  Assimilator  
  18  2:01  Probe  
  18  2:08  Stalker  
  19  2:09  Probe  
  19  2:11  Warp Gate  
  22  2:17  Probe  
  22  2:21  Probe  
  24  2:31  Probe  
  25  2:38  Probe  
  26  2:48  Probe  
  26  2:49  Assimilator  
  26  2:51  Pylon  
  27  2:55  Probe  
  28  3:02  Probe  
  29  3:09  Probe  
  30  3:16  Probe  
  31  3:28  Zealot  
  31  3:29  Probe  
  34  3:37  Probe  
  35  3:44  Probe  
  36  3:51  Probe  
  37  3:58  Probe  
  38  4:04  Probe  
  39  4:13  Probe  
  39  4:16  Probe  
  41  4:24  Assimilator  
  41  4:27  Probe  
  41  4:31  Probe  
  43  4:41  Probe  
  43  4:42  Sentry  
  43  4:44  Pylon  
  46  4:49  Probe  
  47  4:56  Probe  
  48  6:46  Probe  
  48  8:21  Probe  
  48  8:59  Zealot  
  42  9:05  Probe  
  32  9:16  Probe  
  25  9:25  Probe  
  23  9:44  Probe  
Tags
 
Add a new tag
Caveats
  • Supply blocks, unpowered buildings, or Contaminate may cause inaccurate times.
  • Supply counts are checked every 10 seconds.